 Dungeon Sprint DCSS version 0.29.1-2-gbd0b4ee654 (webtiles) character file.

Game seed: 582997159618323012

26 Zeld the Chopper (level 2, -7/42 HPs)
             Began as a Minotaur Berserker on Oct 30, 2022.
             Was a Believer of Trog.
             Killed from afar by an orc wizard (8 damage)
             ... with a puff of flame
             ... in the Dungeon (Sprint VII: "The Pits").
             The game lasted 00:00:11 (20 turns).

Zeld the Chopper (Minotaur Berserker)                 Turns: 20, Time: 00:00:11

Health: -7/42      AC:  2    Str: 21    XL:     2   Next: 89%
Magic:  1/1        EV: 12    Int:  4    God:    Trog [**....]
Gold:   0          SH:  0    Dex:  9    Spells: 1/1 levels left

rFire   . . .      SeeInvis .   a - +0 hand axe
rCold   . . .      Faith    .   (no shield)
rNeg    . . .      Spirit   .   b - +0 animal skin
rPois   .          Reflect  .   (helmet restricted)
rElec   .          Harm     .   (no cloak)
rCorr   .          Rampage  .   (no gloves)
Will    .....      NoTele   +   (no boots)
Stlth   ..........              (no amulet)
HPRegen 0.14/turn               (no ring)
MPRegen 0.07/turn               (no ring)

@: berserking (expiring), very quick
A: horns 2, retaliatory headbutt
a: Renounce Religion, Berserk, Trog's Hand


You were in the Dungeon.
You worshipped Trog.
Trog was pleased with you.
You visited 1 branch

Inventory:

Hand Weapons
 a - a +0 hand axe (weapon)
Armour
 b - a +0 animal skin (worn)
Scrolls
 h - a scroll of blinking
Potions
 c - a potion of curing
 d - a potion of heal wounds
 e - a potion of haste
 f - 2 potions of magic
 g - a potion of berserk rage


   Skills:
 + Level 4.7 Fighting
 * Level 5.7 Axes
 + Level 3.9 Armour
 + Level 3.5 Dodging


You had one spell level left.
You didn't know any spells.
Your spell library was empty.

Dungeon Overview and Level Annotations

Branches:
Dungeon (1/1)

Altars:


Innate Abilities, Weirdness & Mutations

You have a pair of horns on your head.
You reflexively headbutt those who attack you in melee.


Message History

You closely miss the flying skull.
The flying skull is moderately damaged.
You hit the orc wizard.
You kill the orc wizard!
Trog accepts your kill.
Trog appreciates your killing of a magic user.
The flying skull barely misses you.
Your Fighting skill increases to level 4!
Your Axes skill gained 2 levels and is now at level 5!
Your Armour skill increases to level 3!
Your Dodging skill increases to level 3!
You have reached level 2!
Unknown command.
Unknown command.
Unknown command.
You closely miss the flying skull.
The flying skull is moderately damaged.
You slash the orc!
You kill the orc!
Trog accepts your kill.
You can now call upon Trog for regeneration and willpower.
The flying skull barely misses you.
You barely miss the flying skull.
The flying skull is moderately damaged.
The flying skull hits you.
* * * LOW HITPOINT WARNING * * *
Unknown command.
You miss the flying skull.
The flying skull is moderately damaged.
You hit the orc wizard. The flying skull hits you.
* * * LOW HITPOINT WARNING * * *
Unknown command.
Unknown command.
You miss the flying skull. You headbutt the flying skull!
You destroy the flying skull!
Trog accepts your kill.
You hit the orc wizard.
The orc wizard points at you and mumbles some strange words.
The puff of flame hits you!
You die...

##########++######
#................#
#......#..#......#
#................+
+................+
#......#..#......#
#.........@......#
####'#####'o######
#.......##o'#
#.......##{..
#.......##....
#...<...##...##
#.......##..##
#.......##..#
#.......#


You could see an orc priest and an orc wizard.

Vanquished Creatures
  A flying skull (D)
  An orc wizard (D)
  An orc (D)
3 creatures vanquished.

Notes
Turn   | Place    | Note
-------+----------+-------------------------------------------
     0 | D        | Zeld the Minotaur Berserker began the quest for the Orb.
     0 | D        | Reached XP level 1. HP: 19/19 MP: 0/0
    11 | D        | Noticed a flying skull
    11 | D        | Noticed an orc priest
    11 | D        | Noticed an orc wizard
    11 | D        | Noticed an orc wizard
    11 | D        | Noticed an orc wizard
    16 | D        | Killed an orc wizard
    17 | D        | Reached skill level 5 in Axes
    17 | D        | Reached XP level 2. HP: 11/28 MP: 1/1
    17 | D        | Reached ** piety under Trog
    19 | D        | HP: 1/42 [flying skull (6)]
    20 | D        | Killed a flying skull
    20 | D        | Killed from afar by an orc wizard

Illustrated notes

Levels and vault maps discovered:
D:        pitsprint [storerooms_1, entrance_room_1, metal_vault_6, armoury_1,
          mini_pit_1, grid_room_1, main_hall_1, silver_pit, the_coven_2,
          the_vestibule_1, steel_vault_4, golden_pit, hallway_of_sentries,
          crystal_vault_4, iron_vault_2, final_vault]

Skill      XL: |  1 |
---------------+----+-----
Fighting       | 4 |  4.7
Axes           | 5 |  5.7
Armour         | 3 |  3.9
Dodging        | 3 |  3.5

Action                   || total
-------------------------++-------
Melee: Hand axe          ||     8
       Headbutt          ||     2
Invok: Berserk           ||     1
Dodge: Dodged            ||     4
